 Dungeon Crawl Stone Soup version 0.28-a0-1184-g53156a8862 (webtiles) character file.

Game seed: 5901054615672504613

4164 ytrimaz the Cleaver (level 10, -10/115 HPs)
             Began as a Formicid Fighter on Dec 17, 2021.
             Was a Believer of Ru.
             Killed by an exploding flying skull (31 damage)
             ... ignited by their inner flame
             ... in a Gauntlet.
             The game lasted 00:13:20 (8397 turns).

ytrimaz the Cleaver (Formicid Fighter)              Turns: 8397, Time: 00:13:21

Health: -10/115    AC: 25    Str: 26    XL:     10   Next: 52%
Magic:  10/10      EV:  2    Int:  7    God:    Ru [**....]
Gold:   457        SH:  4    Dex:  8    Spells: 9/9 levels left

rFire   x . .      SeeInvis .   a - +1 war axe
rCold   . . .      Faith    .   c - +0 buckler
rNeg    + . .      Spirit   .   (armour currently unavailable)
rPois   +          Reflect  .   (helmet unavailable)
rElec   .          Harm     .   (cloak currently unavailable)
rCorr   .          Rampage  .   (gloves currently unavailable)
Will    +....                   (boots currently unavailable)
Stlth   +.........              p - amulet of regeneration
HPRegen 1.09/turn               s - ring of protection from cold
MPRegen 0.12/turn               u - ring of positive energy

@: tree-form (expiring)
A: stationary, stasis, torment immunity, boosted hp, permanent stasis, dig
shafts and tunnels, (antennae 3), clumsy 1, temperature sensitive, four strong
arms
a: Renounce Religion


You were in a Gauntlet.
You worshipped Ru.
Ru was pleased with you.
You were a tree.
You visited 2 branches of the dungeon, and saw 12 of its levels.
You also visited: Sewer and Gauntlet.

You collected 567 gold pieces.
You spent 110 gold pieces at shops.

Inventory:

Hand Weapons
 a - a +1 war axe (weapon)
Missiles
 i - 6 boomerangs (quivered)
Armour
 c - a +0 buckler (worn)
 j - a +5 chain mail (melded)
 k - a +0 cloak (melded)
 r - a +0 pair of boots (melded)
 z - a +2 pair of gloves (melded)
Jewellery
 d - an amulet of the acrobat
 p - an amulet of regeneration (around neck)
 s - a ring of protection from cold (left branch)
 u - a ring of positive energy (right branch)
Wands
 n - a wand of paralysis (13)
 w - a wand of acid (6)
 y - a wand of flame (7)
Scrolls
 b - 2 scrolls of enchant weapon
 l - 3 scrolls of fog
 m - 5 scrolls of identify
 v - 2 scrolls of noise
Potions
 g - 2 potions of magic
 h - a potion of attraction
 o - a potion of cancellation
 t - 2 potions of flight
 x - a potion of mutation


   Skills:
 + Level 6.9 Fighting
 + Level 9.6 Axes
 * Level 6.3 Throwing
 + Level 7.5 Armour
 + Level 5.8 Shields


You had 9 spell levels left.
You didn't know any spells.
Your spell library was empty.

Dungeon Overview and Level Annotations

Branches:
Dungeon (11/15)            Temple (1/1) D:7             Orc (0/2) D:11
  Sewer (visited)         Gauntlet (1/1)
   Lair: D:8-11

Altars:
Ru

Shops:
D:4 *   D:5 ?   D:11 [

Annotations:
D:8 2 transporters, ducksouse's ghost, novice OpEE Gauntlet 9 transporters


Innate Abilities, Weirdness & Mutations

You are a tree.
Your roots penetrate the ground, keeping you stationary.
You cannot be teleported.
You are immune to unholy pain and torment.
Your maximum health is greatly increased.
Your equipment is partially melded.
You cannot be hasted, slowed, berserked, paralysed or teleported.
You can dig through walls and to a lower floor.
((You have a pair of large antennae on your head. (SInv)))
You are clumsy. (Dex -2)
You are sensitive to extremes of temperature. (rF-, rC-)
Your four strong arms can wield two-handed weapons with a shield.


Message History

Unknown command.
Really read the scroll of immolation?
As you read the scroll of immolation, it crumbles to dust.
The creatures around you are filled with an inner flame!
The flying skull hits you but does no damage. x5
Unknown command.
You closely miss the flying skull.
The flying skull is almost destroyed.
You miss the flying skull. You hit the flying skull.
Flame seeps out of the flying skull.
You closely miss the flying skull.
The flying skull hits you but does no damage. x3
The flying skull is engulfed in blazing flames.
Flame seeps out of the flying skull.
The flying skull hits you.
* * * LOW HITPOINT WARNING * * *
The flying skull is stunned by your conviction and fails to attack.
The flying skull hits you.
* * * LOW HITPOINT WARNING * * *
The flying skull hits you but does no damage.
You barely miss the flying skull.
The flying skull is almost destroyed.
You miss the flying skull. You hit the flying skull. You miss the flying skull.
The flying skull explodes!
The fiery explosion engulfs the flying skull!
The flying skull resists.
Flame seeps out of the flying skull.
The flying skull is severely damaged.
The fiery explosion engulfs the flying skull.
The flying skull resists.
Flame seeps out of the flying skull.
The flying skull is moderately damaged.
The fiery explosion engulfs you but does no damage.
The fiery explosion engulfs the flying skull!
The flying skull resists.
The fiery explosion engulfs the flying skull.
The flying skull resists.
Flame seeps out of the flying skull.
The flying skull is moderately damaged.
The flying skull explodes!
The fiery explosion engulfs the flying skull!
The flying skull resists.
Flame seeps out of the flying skull.
The flying skull is heavily damaged.
The fiery explosion engulfs you!! The fire burns you terribly!
You die...

#########################
.......................≈#
........................#
########...###########..###
......##.8.#........z#..#8#
....^#.#...#.#z#.#.#.#..###
#..^#.X#####..#z#§#.=#..#####
§#^#.xX#...#.#z#§#.#[#..#≈8≈#
{©#..xX#©.©#.z#§♣z#.©#..#...#
§#^#..x#...#.#z#z#.#.#..#.8.#
#^.^#.!#####..#z#.#.)#..#...##
^....#.#...#.#z#.#.#.#..#.8...
.....^##...#........z#..#...##
########...###########..#...#
.........≈.............≈#.©.##
........≈8≈...........§∩#.....
.........≈.............≈#.©.##


You could see 9 flying skulls.

Vanquished Creatures
  A two-headed ogre (D:7)
  Pikel (D:5)
  Joseph (D:9)
  3 flying skulls (Gauntlet)
  A spriggan (D:9)
  A wraith (D:11)
  A water moccasin (Temple)
  An orc warrior (D:9)
  A sky beast (D:7)
  A black bear (D:5)
  A necrophage (D:5)
  An ogre (D:5)
  A lemure (D:5)
  A phantom (D:5)
  A kobold brigand (D:9)
  4 bullfrogs
  A small abomination (Gauntlet)
  2 wyvern skeletons
  A water moccasin skeleton (D:6)
  2 jellies
  3 howler monkeys (D:8)
  3 centaur zombies
  A bullfrog zombie (D:5)
  2 hounds (D:4)
  A bullfrog skeleton (D:7)
  3 orc priests
  A centaur skeleton (D:7)
  2 iguanas
  5 orc wizards
  11 adders
  3 gnolls (D:4)
  A white imp (D:8)
  An ufetubus (D:4)
  3 worms
  An adder skeleton (D:4)
  2 dart slugs
  21 orcs
  10 ball pythons
  3 bats
  16 endoplasms
  18 giant cockroaches
  10 goblins
  10 hobgoblins
  5 jackals (D:3)
  20 quokkas
  10 frilled lizards
  13 kobolds
  5 rats
211 creatures vanquished.

Vanquished Creatures (collateral kills)
  An endoplasm (D:3)
  A giant cockroach (D:3)
2 creatures vanquished.

Vanquished Creatures (others)
  6 demonic plants (Gauntlet)
  2 plants (D:4)
8 creatures vanquished.

Grand Total: 221 creatures vanquished

Notes
Turn   | Place    | Note
-------+----------+-------------------------------------------
     0 | D:1      | ytrimaz the Formicid Fighter began the quest for the Orb.
     0 | D:1      | Reached XP level 1. HP: 18/18 MP: 1/1
    34 | D:1      | Found a faded altar of an unknown god.
   195 | D:1      | Reached XP level 2. HP: 21/24 MP: 2/2
   734 | D:1      | Reached XP level 3. HP: 25/29 MP: 3/3
  1379 | D:2      | Reached XP level 4. HP: 25/37 MP: 4/4
  1740 | D:3      | Found a glowing drain.
  1746 | D:3      | Reached skill level 1 in Throwing
  1764 | Sewer    | Entered a sewer
  1956 | Sewer    | Reached XP level 5. HP: 15/42 MP: 5/5
  2166 | Sewer    | Reached skill level 3 in Axes
  2407 | Sewer    | Noticed a bullfrog
  2415 | Sewer    | Killed a bullfrog
  2416 | Sewer    | Reached XP level 6. HP: 43/48 MP: 6/6
  2419 | Sewer    | Reached skill level 4 in Axes
  2985 | D:3      | HP: 1/46 [orc priest (3)]
  2988 | D:3      | Reached XP level 7. HP: 28/53 MP: 7/7
  3884 | D:4      | Reached skill level 5 in Axes
  4142 | D:4      | Found Cocluav's Assorted Antiques.
  4147 | D:4      | Bought a thick emerald amulet for 110 gold pieces
  4168 | D:4      | Found a sacrificial altar of Ru.
  4173 | D:4      | Became a worshipper of Ru the Awakened
  4527 | D:5      | Entered Level 5 of the Dungeon
  4532 | D:5      | Noticed Pikel
  4560 | D:5      | Killed Pikel
  4561 | D:5      | Reached skill level 5 in Fighting
  4561 | D:5      | Reached skill level 6 in Axes
  4561 | D:5      | Reached skill level 5 in Armour
  4561 | D:5      | Reached XP level 8. HP: 12/62 MP: 8/8
  5015 | D:5      | Found Lauwkuth's Magic Scroll Shop.
  5034 | D:5      | Reached skill level 7 in Axes
  5034 | D:5      | Reached XP level 9. HP: 68/68 MP: 9/9
  5376 | D:5      | HP: 1/68 [acid (8)]
  5565 | D:5      | You fall into a shaft and drop 1 floor!
  5566 | D:6      | Gained mutation: You are clumsy. (Dex -2) [Ru sacrifice]
  5630 | D:6      | Identified the +0 robe "Hanlygot" {Int+4}
  6465 | D:7      | Found a staircase to the Ecumenical Temple.
  6585 | D:7      | Noticed a two-headed ogre
  6611 | Temple   | Entered the Ecumenical Temple
  6621 | Temple   | Reached skill level 5 in Shields
  6816 | D:7      | HP: 3/69 [centaur skeleton (4)]
  6853 | D:7      | Killed a two-headed ogre
  6854 | D:7      | Reached skill level 8 in Axes
  6854 | D:7      | Reached skill level 5 in Throwing
  6953 | D:8      | Found a transporter.
  7050 | D:8      | Reached XP level 10. HP: 62/77 MP: 10/10
  7099 | D:8      | Found a transporter.
  7106 | D:8      | Noticed ducksouse's ghost (novice OpEE)
  7184 | D:8      | Reached skill level 9 in Axes
  7459 | D:9      | Gained mutation: You are sensitive to extremes of
                  | temperature. (rF-, rC-) [Ru sacrifice]
  7459 | D:9      | Reached * piety under Ru
  7459 | D:9      | Reached ** piety under Ru
  7921 | D:9      | Noticed Joseph
  7931 | D:9      | Killed Joseph
  8048 | D:10     | Entered Level 10 of the Dungeon
  8048 | D:10     | You fall into a shaft and drop 1 floor!
  8063 | D:11     | Found Keipsiuc's Armour Emporium.
  8085 | D:11     | Found a gate leading to a gauntlet.
  8103 | Gauntlet | Entered a Gauntlet
  8103 | Gauntlet | Noticed a large abomination
  8103 | Gauntlet | Found a transporter.
  8103 | Gauntlet | Found a transporter.
  8112 | Gauntlet | Noticed a large abomination
  8124 | Gauntlet | Found a transporter.
  8128 | Gauntlet | Found a transporter.
  8138 | Gauntlet | Found a transporter.
  8159 | Gauntlet | Found a transporter.
  8165 | Gauntlet | Found a transporter.
  8176 | Gauntlet | Found a transporter.
  8190 | Gauntlet | Found a transporter.
  8198 | Gauntlet | Found a transporter.
  8215 | Gauntlet | Found a transporter.
  8240 | Gauntlet | Found a transporter.
  8244 | Gauntlet | Noticed a shining eye
  8397 | Gauntlet | Killed by an exploding flying skull... ignited by their
                  | inner flame

Illustrated notes

Levels and vault maps discovered:
D:1:      dpeg_arrival_rooms_b, layout_rooms,
          hellmonk_ecumenical_altar_pennies_from_heaven, st_stairs_1
D:2:      layout_basic, serial_curves, eino_curves_04, eino_curves_04,
          eino_curves_02, minmay_vboxes
D:3:      cheibrodos_pilgrimage, layout_basic, gup_sewer_entry_pipe,
          chequers_serial_rivers_marsh, minmay_misc_feat_diagonals,
          corexii_shack, kennysheep_generic_room_12
D:4:      layout_loops_ring, mainiacjoe_overflow_boulevard, serial_shops, shop,
          corexii_shack
D:5:      layout_basic, serial_shops, shop, kennysheep_generic_room_16,
          uniq_pikel
D:6:      layout_basic
D:7:      layout_basic, minmay_temple_entry_ruins, roderic_three_in_a_row
D:8:      layout_rooms, gammafunk_ghost_stat_death
D:9:      layout_loops_ring, serial_park_tiny_1, the_hattery, uniq_joseph
D:10:     layout_rooms, erik_lair_orcish_takeover
D:11:     layout_irregular_city, david_orc_4, gauntlet_entry_generic,
          serial_shops, shop, nzn_life_drinkers
Temple:   mainiacjoe_temple_archimedes_tessellation
Gauntlet: gammafunk_gauntlet_shortcut [nicolae_gauntlet_arena_x,
          gammafunk_gauntlet_arena_grid, gammafunk_gauntlet_arena_teeth,
          gammafunk_gauntlet_arena_mazey, gammafunk_gauntlet_arena_spirals,
          nicolae_gauntlet_arena_t_cross, gauntlet_exit_hidden_loot]

Skill      XL: |  1  2  3  4  5  6  7  8  9 10 |
---------------+-------------------------------+-----
Shields        | 4 5 |  5.8
Throwing       | 1 2 3 4 5 6 |  6.3
Axes           | 3 4 6 7 8 9 |  9.6
Fighting       | 4 5 6 |  6.9
Armour         | 4 5 7 |  7.5

Action                   |  1- 3 |  4- 6 |  7- 9 | 10-12 || total
-------------------------+-------+-------+-------+-------++-------
Melee: War axe           |   122 |   217 |   264 |   103 ||   706
Throw: Boomerang         |       |       |     7 |       ||     7
Invok: Sacrifice Purity  |       |       |     1 |       ||     1
       Sacrifice Resista |       |       |       |     1 ||     1
 Abil: Dig               |     1 |     1 |     3 |     1 ||     6
       Shaft Self        |       |       |     1 |       ||     1
  Use: Scroll            |     3 |     8 |     9 |     5 ||    25
       Potion            |       |     1 |     5 |     7 ||    13
 Stab: Distracted        |       |       |       |     1 ||     1
Armor: Scale mail        |    68 |    11 |       |       ||    79
       Chain mail        |       |   138 |   219 |    81 ||   438
       Skin              |       |       |       |    59 ||    59
Dodge: Dodged            |    66 |   108 |   120 |    43 ||   337
Block: Buckler           |    35 |    52 |    67 |    43 ||   197

Table legend: (Time is in decaauts)
 A = Elapsed time spent in this place.
 B = Non-inter-level travel time spent in this place.
 C = Inter-level travel time spent in this place.
 D = Time resting spent in this place.
 E = Time spent auto-exploring this place.
 F = Levels seen in this place.
 G = Mean time per level.
                   A        B        C        D        E       F      G
               +--------+--------+--------+--------+--------+-----+--------+
         Total |   8656 |   8487 |    169 |    360 |   5943 |  14 |  618.3 |
       Dungeon |   7373 |   7204 |    169 |    131 |   5386 |  11 |  670.3 |
        Temple |    197 |    197 |      0 |    185 |      0 |   1 |  197.0 |
         Sewer |    791 |    791 |      0 |      3 |    426 |   1 |  791.0 |
      Gauntlet |    294 |    294 |      0 |     41 |    131 |   1 |  294.0 |
               +--------+--------+--------+--------+--------+-----+--------+

Top non-repeatable levels by time:
     D:4: 1175 daAuts
     D:3: 1085 daAuts
     D:5: 930 daAuts
     D:1: 928 daAuts
   Sewer: 791 daAuts
     D:2: 773 daAuts
     D:6: 667 daAuts
     D:7: 650 daAuts
     D:9: 640 daAuts
     D:8: 466 daAuts
Gauntlet: 294 daAuts
  Temple: 197 daAuts
    D:11: 55 daAuts
